 Dungeon Crawl Stone Soup version 0.28.0 (webtiles) character file.

Game seed: 12456781667248672846

3011 Crownlay the Spear-Bearer (level 9, -3/81 HPs)
             Began as a Minotaur Fighter on Feb 11, 2022.
             Was a Follower of Cheibriados.
             Killed by nerve-wracking pain
             ... invoked by an orc priest
              (13 damage)
             ... on level 7 of the Dungeon.
             The game lasted 00:11:07 (6943 turns).

Crownlay the Spear-Bearer (Minotaur Fighter)        Turns: 6943, Time: 00:11:08

Health: -3/81      AC: 20    Str: 25    XL:     9   Next: 55%
Magic:  10/10      EV:  7    Int:  7    God:    Cheibriados [*.....]
Gold:   324        SH:  6    Dex: 16    Spells: 8/8 levels left

rFire   . . .      SeeInvis .   a - +0 trident
rCold   . . .      Faith    .   c - +0 buckler
rNeg    . . .      Spirit   .   n - +6 plate armour "Bula" {Harm Will- Str+2}
rPois   .          Reflect  .   (helmet restricted)
rElec   .          Harm     +   (no cloak)
rCorr   .          Rampage  .   m - +0 pair of gloves
Will    .....                   (no boots)
Stlth   ..........              (no amulet)
HPRegen 0.23/turn               (no ring)
MPRegen 0.12/turn               (no ring)

@: very slow
A: horns 2, retaliatory headbutt
a: Renounce Religion, Bend Time


You were on level 7 of the Dungeon.
You worshipped Cheibriados.
Cheibriados was aware of your devotion.
You visited 2 branches of the dungeon, and saw 8 of its levels.

You collected 324 gold pieces.

Inventory:

Hand Weapons
 a - a +0 trident (weapon)
 j - the +6 falchion of Mikkiah {holy, rElec rPois}
   (You found it on level 1 of the Dungeon)

   It has been blessed by the Shining One to cause great damage to the undead
   and demons.
   rElec:     It insulates you from electricity.
   rPois:     It protects you from poison.
Missiles
 s - 2 throwing nets (quivered)
Armour
 c - a +0 buckler (worn)
 m - a +0 pair of gloves (worn)
 n - the +6 plate armour "Bula" (worn) {Harm Will- Str+2}
   (You found it on level 2 of the Dungeon)

   Str:       It affects your strength (+2).
   Harm:      It increases damage dealt and taken.
   Will:      It decreases your willpower.
Jewellery
 C - an amulet of faith
Wands
 l - a wand of acid (5)
 z - a wand of polymorph (6)
 A - a wand of mindburst (7)
Scrolls
 h - 3 scrolls of magic mapping
 i - a scroll of holy word
 o - 2 scrolls of noise
 p - 3 scrolls of fog
 q - a scroll of teleportation {unknown}
 r - a scroll of vulnerability {unknown}
 t - a scroll of amnesia {unknown}
 u - a scroll of acquirement {unknown}
 v - a scroll of summoning {unknown}
 x - 2 scrolls of immolation
 y - 2 scrolls of identify
 B - a scroll of enchant weapon {unknown}
Potions
 b - a potion of magic
 d - a potion of might
 e - a potion of invisibility {unknown}
 f - 3 potions of curing
 g - a potion of haste {unknown}
 k - a potion of degeneration {unknown}
 w - a potion of heal wounds {unknown}


   Skills:
 + Level 7.8 Fighting
 * Level 10.1 Polearms
 + Level 7.7 Armour
 + Level 7.8 Shields
 + Level 3.4 Invocations


You had 8 spell levels left.
You didn't know any spells.
Your spell library contained the following spells:

 Spells                   Type           Power      Damage    Failure   Level
 Apportation              Tloc           0%         N/A       100%        1
 Inner Flame              Hex/Fire       0%         N/A       100%        3
 Cause Fear               Hex            0%         N/A       100%        4
 Alistair's Intoxication  Tmut/Pois      0%         N/A       100%        5
 Discord                  Hex            0%         N/A       100%        8


Dungeon Overview and Level Annotations

Branches:
Dungeon (7/15)             Temple (1/1) D:6

Altars:
Ashenzari
Cheibriados
Dithmenos
Fedhas
Kikubaaqudgha
Nemelex Xobeh
Okawaru
Qazlal
Ru
Trog
Xom

Shops:
D:2 !=(   D:6 :


Innate Abilities, Weirdness & Mutations

You have a pair of horns on your head.
You reflexively headbutt those who attack you in melee.


Message History

The orc hits you from afar with a +0 trident.
The orc priest invokes the aid of Beogh against you.
Something writhes in agony.
You reach to attack!
You closely miss the orc priest.
The orc priest is almost dead.
You hear some strange, mumbled words.
A puff of flame appears from out of thin air!
The puff of flame hits you but does no damage.
An orc comes into view. It is wielding a +0 war axe.
The orc hits you but does no damage.
The orc priest mumbles some strange prayers to Beogh against you.
Beogh smites you!
You are too injured to fight recklessly!
You are too injured to fight recklessly!
You are too injured to fight recklessly!
You are too injured to fight recklessly!
You barely miss something. Something hits you but does no damage.
The orc barely misses you.
You puncture something!
Cheibriados appreciates the change of pace.
Reactivating autopickup.
You feel a bit more experienced.
The orc priest calls down the wrath of Beogh upon you.
Pain shoots through your body!
* * * LOW HITPOINT WARNING * * *
The orc hits you but does no damage.
The orc priest hits you with a +0 dagger.
* * * LOW HITPOINT WARNING * * *
The orc hits you but does no damage.
The orc priest calls down the wrath of Beogh upon you.
Pain shoots through your body!
* * * LOW HITPOINT WARNING * * *
Things that are here:
a +0 dagger; a +0 robe; an orc corpse You feel better.
The orc hits you but does no damage. You block the orc priest's attack.
The orc hits you but does no damage.
The orc priest calls down the wrath of Beogh upon you.
Pain shoots through your body!
You die...

.)... #.. #.. ..... #..##..
... #...#.. ... #.#...### #.#
###.......# #.# #...).....#
#.##############
.#.$.....o####...............
......)..oo)@...#############
......)..oo###.##
.##.......o....#
#.......###### #.......#
#.......# #.......# #########


You could see an orc priest and 4 orcs.

Vanquished Creatures
  A troll (D:7)
  4 yaks (D:7)
  2 steam dragons
  A black bear (D:6)
  2 orc warriors
  A sky beast (D:5)
  An ice beast (D:7)
  An ogre (D:5)
  A phantom (D:5)
  Blork the orc (D:5)
  2 scorpions
  A water moccasin skeleton (D:5)
  9 wights
  3 jellies
  A gnoll shaman (D:4)
  3 hounds
  A centaur skeleton (D:6)
  An orc priest (D:6)
  6 orc wizards
  Ijyb (D:2)
  2 howler monkey zombies
  8 gnolls
  A howler monkey skeleton (D:7)
  5 adders
  2 white imps
  An adder zombie (D:5)
  2 worms
  2 dart slugs
  23 orcs
  11 bats
  9 endoplasms
  3 giant cockroaches
  11 goblins
  8 hobgoblins
  3 jackals (D:1)
  3 quokkas
  9 ball pythons
  3 frilled lizards
  9 kobolds
  10 rats
  A spectral hobgoblin (D:2)
169 creatures vanquished.

Notes
Turn   | Place    | Note
-------+----------+-------------------------------------------
     0 | D:1      | Crownlay the Minotaur Fighter began the quest for the Orb.
     0 | D:1      | Reached XP level 1. HP: 19/19 MP: 0/0
    56 | D:1      | Reached XP level 2. HP: 27/27 MP: 1/1
   208 | D:1      | Reached skill level 3 in Polearms
   702 | D:1      | Reached XP level 3. HP: 33/33 MP: 2/2
   847 | D:1      | Identified the +6 falchion of Mikkiah {holy, rElec rPois}
  1139 | D:2      | Found Huam's Antique Armour Shop.
  1141 | D:2      | Found Guzeche's Jewellery Shoppe.
  1207 | D:2      | Found Heihegask's Weapon Shop.
  1212 | D:2      | Reached XP level 4. HP: 40/40 MP: 3/3
  1384 | D:2      | Found a faded altar of an unknown god.
  1555 | D:2      | Found Esa Uwik's Distillery.
  1581 | D:2      | Reached skill level 4 in Polearms
  1634 | D:2      | Noticed Ijyb
  1658 | D:2      | Killed Ijyb
  1757 | D:2      | Identified the +6 plate armour "Bula" {Harm Will- Str+2}
  1823 | D:2      | Reached XP level 5. HP: 47/47 MP: 4/4
  3145 | D:4      | Reached skill level 5 in Polearms
  3154 | D:4      | Reached XP level 6. HP: 41/55 MP: 5/5
  3236 | D:4      | Found a shimmering altar of Xom.
  3239 | D:4      | Found a shimmering altar of Xom.
  3241 | D:4      | Found a shimmering altar of Xom.
  3241 | D:4      | Found a shimmering altar of Xom.
  3243 | D:4      | Found a shimmering altar of Xom.
  3255 | D:4      | Found a shimmering altar of Xom.
  3255 | D:4      | Found a shimmering altar of Xom.
  3619 | D:5      | Entered Level 5 of the Dungeon
  3619 | D:5      | Noticed Blork the orc
  3625 | D:5      | Killed Blork the orc
  3626 | D:5      | Reached skill level 5 in Fighting
  3626 | D:5      | Reached skill level 5 in Armour
  3626 | D:5      | Reached skill level 5 in Shields
  3770 | D:5      | Reached skill level 6 in Polearms
  3770 | D:5      | Reached XP level 7. HP: 51/61 MP: 6/6
  4483 | D:5      | Reached skill level 7 in Polearms
  4992 | D:6      | Reached XP level 8. HP: 54/70 MP: 7/7
  5340 | D:6      | Found a staircase to the Ecumenical Temple.
  5349 | Temple   | Entered the Ecumenical Temple
  5355 | Temple   | Became a worshipper of Cheibriados the Contemplative
  5410 | D:6      | Reached skill level 8 in Polearms
  5651 | D:6      | Reached skill level 1 in Invocations
  6104 | D:6      | Found Untatis's Book Shoppe.
  6235 | D:7      | Reached skill level 9 in Polearms
  6235 | D:7      | Reached XP level 9. HP: 69/79 MP: 9/9
  6355 | D:7      | Noticed a troll
  6364 | D:7      | Killed a troll
  6702 | D:7      | Reached * piety under Cheibriados
  6875 | D:7      | Reached skill level 10 in Polearms
  6941 | D:7      | HP: 2/81 [orc priest/nerve-wracking pain (8)]
  6943 | D:7      | Killed from afar by an orc priest

Illustrated notes

Levels and vault maps discovered:
D:1:      shiori_shiawase, layout_basic, minivault_5, minmay_misc_feat_hallway,
          minmay_misc_feat_tower, serial_park_tiny_2, kennysheep_nondescript
D:2:      kennysheep_the_goblin_king, layout_basic, serial_shops, shop,
          nicolae_shop_stone, shop, nicolae_shop_waterfront,
          dreamdust_ecumenical_altar_drowned_temple, minmay_tromino_i4
D:3:      layout_basic, minmay_door_square
D:4:      layout_rooms, nicolae_xom_altar_mimics, grunt_decor_junction,
          corexii_item_surrounded_by_moat
D:5:      layout_loops_corners, uniq_blork_the_orc
D:6:      layout_loops_corners, minmay_temple_entry_tees, serial_shops,
          kennysheep_little_box, minmay_misc_feat_tiny, serial_bayou_pond_e
D:7:      layout_rooms
Temple:   compressed_dpeg_circular_temple

Skill      XL: |  1  2  3  4  5  6  7  8  9 |
---------------+----------------------------+-----
Polearms       | 3 4 5 6 7 9 10 | 10.1
Armour         | 4 5 6 7 |  7.7
Fighting       | 4 5 6 7 |  7.8
Shields        | 4 5 6 7 |  7.8
Invocations    | 2 3 |  3.4

Action                   |  1- 3 |  4- 6 |  7- 9 || total
-------------------------+-------+-------+-------++-------
Melee: Trident           |    92 |   148 |   252 ||   492
       Headbutt          |    10 |    22 |    52 ||    84
  Use: Scroll            |       |     6 |     1 ||     7
       Potion            |       |       |     2 ||     2
Armor: Scale mail        |    31 |    14 |       ||    45
       Plate armour      |       |    54 |   116 ||   170
Dodge: Dodged            |    34 |    26 |    41 ||   101
Block: Buckler           |     5 |    21 |    45 ||    71
